 Dungeon Sprint DCSS version 0.31-a0-344-gd109795599 (webtiles) character file.

Game seed: 17837064040050789787

480298 HallandMoats the End of an Era (level 19, 189/189 HPs)
             Began as a Demonspawn Monk on July 21, 2023.
             Was the Champion of Qazlal.
             Escaped with the Orb!
             The game lasted 00:31:21 (7717 turns).

HallandMoats the End of an Era (Demonspawn Monk)    Turns: 7717, Time: 00:31:22

Health: 189/189    AC: 35    Str: 19    XL:     19   Next: 1%
Magic:  36/36      EV: 11    Int: 15    God:    Qazlal [******]
Gold:   0          SH: 49    Dex: 19    Spells: 18/18 levels left

rFire   + + .        A - +16 obsidian axe {drain, demonic, Mesm Drain Fly SInv}
rCold   + + .        B - +18 shield of the Gong {Loud rN+ Will+ rCorr EV-5}
rNeg    + + +        a - +9 gold dragon scales
rPois   +            M - -2 helmet of Caustic Intercession {Will+ Slay+2 Stlth+}
rElec   .            O - +1 cloak of Huqussor {rCorr Int+2}
rCorr   +            (gloves unavailable)
SInv    +            K - +1 pair of boots of Jucriufosk {rN+ Will+ SInv}
Will    +++++        z - amulet "Tor Qixo" {Reflect Contam Will+++ Str-3 Dex+4 SH+5} Stlth
                     I - ring "Roh Ycze" {Fly rC+ rN+}
HPRegen 0.51/turn    D - ring "Lonomaan" {rF+ Str+3 SInv}
MPRegen 0.25/turn

%: no teleportation, random rage (3%), repel missiles, reflection
@: flying, studying 4 skills
A: hooves 2, ignite blood 1, demonic magic 2, demonic willpower, weakness
stinger 2, demonic touch 3, berserk 1, deformed body
0: Orb of Zot
a: Renounce Religion, Upheaval, Elemental Force, Disaster Area


You escaped.
You worshipped Qazlal.
Qazlal was exalted by your worship.
You visited 1 branch

Inventory:

Hand Weapons
 l - the +3 Elemental Staff {rElec rF+ rC+ AC+3}
   (You found it in the Dungeon)

   It enhances your fire, ice, earth and air magic.
   AC:        It affects your AC (+3).
   rF:        It protects you from fire.
   rC:        It protects you from cold.
   rElec:     It insulates you from electricity.
 A - the +16 obsidian axe (weapon) {drain, demonic, Mesm Drain Fly SInv}
   (You found it in the Dungeon)

   Mesm:      Its wielder is mesmerised by any visible foes, and it cannot be
   unequipped while any foes are visible.
   SInv:      It lets you see invisible.
   Fly:       It grants you flight.
   Drain:     It drains your maximum health when unequipped.
 C - the +7 lajatang of Order {silver, rMut}
   (You found it in the Dungeon)

   rMut:      It protects you from mutation.
 W - the +8 Vampire's Tooth {megavamp}
   (You found it in the Dungeon)
Armour
 a - +9 gold dragon scales (worn)
 B - the +18 shield of the Gong (worn) {Loud rN+ Will+ rCorr EV-5}
   (You found it in the Dungeon)

   Loud:      It is deafeningly noisy when blocking attacks.
   EV:        It affects your evasion (-5).
   rN:        It protects you from negative energy.
   rCorr:     It protects you from acid and corrosion.
   Will:      It increases your willpower.
 K - the +1 pair of boots of Jucriufosk (worn) {rN+ Will+ SInv}
   (You found it in the Dungeon)

   rN:        It protects you from negative energy.
   SInv:      It lets you see invisible.
   Will:      It increases your willpower.
 M - the -2 helmet of Caustic Intercession (worn) {Will+ Slay+2 Stlth+}
   (You found it in the Dungeon)

   Slay:      It affects your accuracy & damage with ranged weapons and melee
   (+2).
   Will:      It increases your willpower.
   Stlth:     It makes you more stealthy.
 O - the +1 cloak of Huqussor (worn) {rCorr Int+2}
   (You found it in the Dungeon)

   Int:       It affects your intelligence (+2).
   rCorr:     It protects you from acid and corrosion.
 R - the +4 moon troll leather armour {Spirit, Regen++ MP+5}
   (You found it in the Dungeon)

   MP:        It affects your magic capacity (+5).
   Regen:     It increases your rate of health regeneration.
 S - the +1 helmet "Xuzifu Ligaa" {rN+ SInv}
   (You found it in the Dungeon)

   rN:        It protects you from negative energy.
   SInv:      It lets you see invisible.
Jewellery
 z - the amulet "Tor Qixo" (around neck) {Reflect Contam Will+++ Str-3 Dex+4 SH+5}
   (You found it in the Dungeon)

   [amulet of reflection]

   It reflects blocked missile attacks.
   Str:       It affects your strength (-3).
   Dex:       It affects your dexterity (+4).
   Contam:    It causes magical contamination when unequipped.
   SH:        It affects your SH (+5).
   Will:      It greatly increases your willpower.
 D - the ring "Lonomaan" (right hand) {rF+ Str+3 SInv}
   (You found it in the Dungeon)

   [ring of protection from fire]

   Str:       It affects your strength (+3).
   rF:        It protects you from fire.
   SInv:      It lets you see invisible.
 G - the amulet of Ibreunn {Acrobat *Slow rElec MP+9 Str+5}
   (You took it off an ancient champion in the Dungeon)

   [amulet of the acrobat]

   It increases your evasion while moving and waiting.
   Str:       It affects your strength (+5).
   rElec:     It insulates you from electricity.
   MP:        It affects your magic capacity (+9).
   *Slow:     It may slow you when you take damage.
 I - the ring "Roh Ycze" (left hand) {Fly rC+ rN+}
   (You found it in the Dungeon)

   [ring of flight]

   rC:        It protects you from cold.
   rN:        It protects you from negative energy.
   Fly:       It grants you flight.
 L - a +4 ring of slaying
 P - the ring of Ucuhec {Fire rElec rPois Int-5 SInv Stlth+}
   (You found it in the Dungeon)

   [ring of fire]

   It enhances your fire magic.
   Int:       It affects your intelligence (-5).
   rF:        It protects you from fire.
   rC:        It makes you vulnerable to cold.
   rElec:     It insulates you from electricity.
   rPois:     It protects you from poison.
   SInv:      It lets you see invisible.
   Stlth:     It makes you more stealthy.
 Q - the amulet "Awaf" {Reflect Slay+6 SH+5}
   (You found it in the Dungeon)

   [amulet of reflection]

   It reflects blocked missile attacks.
   Slay:      It affects your accuracy & damage with ranged weapons and melee
   (+6).
   SH:        It affects your SH (+5).
 T - a +4 ring of slaying
 U - the ring of Curiosity {Fire rCorr Slay+2}
   (You found it in the Dungeon)

   [ring of fire]

   It enhances your fire magic.
   Slay:      It affects your accuracy & damage with ranged weapons and melee
   (+2).
   rF:        It protects you from fire.
   rC:        It makes you vulnerable to cold.
   rCorr:     It protects you from acid and corrosion.
 V - the amulet "Onnec" {Reflect rC+ Will+ Int-2 SH+5}
   (You found it in the Dungeon)

   [amulet of reflection]

   It reflects blocked missile attacks.
   Int:       It affects your intelligence (-2).
   rC:        It protects you from cold.
   SH:        It affects your SH (+5).
   Will:      It increases your willpower.
Talismans
 t - a storm talisman
 H - a dragon-blood talisman
 X - a talisman of death
Wands
 r - a wand of mindburst (24)
 s - a wand of light (35)
 u - a wand of flame (125)
 v - a wand of charming (54)
 w - a wand of roots (66)
 y - a wand of polymorph (11)
 F - a wand of digging (32)
Scrolls
 j - 4 scrolls of blinking
 n - 4 scrolls of amnesia
 o - 7 scrolls of fog
 p - 5 scrolls of identify
 q - 2 scrolls of fear
 E - 12 scrolls of enchant weapon
 J - 6 scrolls of brand weapon
Potions
 b - 2 potions of brilliance
 c - a potion of ambrosia
 d - a potion of invisibility
 e - 10 potions of curing
 f - 10 potions of heal wounds
 g - 15 potions of haste
 h - 5 potions of magic
 i - 3 potions of berserk rage
 k - 4 potions of resistance
 m - 4 potions of might


   Skills:
 O Level 27 Fighting
 + Level 26.8 Axes
 + Level 25.6 Armour
 + Level 26.5 Dodging
 + Level 25.5 Shields
 O Level 27 Invocations
 * Level 17.4 Shapeshifting


You had 18 spell levels left.
You didn't know any spells.
Your spell library contained the following spells:

 Spells                   Type           Power      Damage    Failure   Level
 Foxfire                  Conj/Fire      0%         2x1d4     99%         1
 Kiss of Death            Conj/Necr      0%         2d5       99%         1
 Magic Dart               Conj           0%         1d3       99%         1
 Necrotise                Necr           0%         1d4       99%         1
 Shock                    Conj/Air       0%         1d3       99%         1
 Slow                     Hex            0%         N/A       99%         1
 Summon Small Mammal      Summ           0%         N/A       99%         1
 Blink                    Tloc           0%         N/A       99%         2
 Call Imp                 Summ           0%         N/A       99%         2
 Ensorcelled Hibernation  Hex/Ice        0%         N/A       99%         2
 Lesser Beckoning         Tloc           0%         N/A       99%         2
 Momentum Strike          Conj/Tloc      0%         3d8       99%         2
 Passwall                 Tmut/Erth      0%         N/A       99%         2
 Poisonous Vapours        Pois/Air       0%         N/A       99%         2
 Scorch                   Fire           0%         2d5       99%         2
 Searing Ray              Conj           0%         2d4       99%         2
 Sublimation of Blood     Necr           0%         N/A       99%         2
 Wereblood                Tmut           0%         N/A       99%         2
 Call Canine Familiar     Summ           0%         N/A       100%        3
 Confusing Touch          Hex            0%         N/A       100%        3
 Dazzling Flash           Conj/Hex       0%         N/A       100%        3
 Frozen Ramparts          Ice            0%         1d1       100%        3
 Gell's Gravitas          Tloc           0%         N/A       100%        3
 Hailstorm                Conj/Ice       0%         3d3       100%        3
 Mephitic Cloud           Conj/Pois/Air  0%         N/A       100%        3
 Ozocubu's Armour         Ice            0%         N/A       100%        3
 Stone Arrow              Conj/Erth      0%         3d7       100%        3
 Summon Guardian Golem    Hex/Summ       0%         N/A       100%        3
 Swiftness                Air            0%         N/A       100%        3
 Teleport Other           Tloc           0%         N/A       100%        3
 Vampiric Draining        Necr           0%         2d6       100%        3
 Vhi's Electric Charge    Tloc/Air       0%         N/A       100%        3
 Airstrike                Air            0%         2d(0-16)  100%        4
 Anguish                  Hex/Necr       0%         N/A       100%        4
 Animate Armour           Summ/Erth      0%         N/A       100%        4
 Animate Dead             Necr           0%         N/A       100%        4
 Cause Fear               Hex            0%         N/A       100%        4
 Dispel Undead            Necr           0%         3d6       100%        4
 Flame Wave               Conj/Fire      0%         2d4       100%        4
 Fulminant Prism          Conj/Hex       0%         3d5       100%        4
 Iskenderun's Mystic Bla  Conj/Tloc      0%         2d3       100%        4
 Leda's Liquefaction      Hex/Erth       0%         N/A       100%        4
 Manifold Assault         Tloc           0%         N/A       100%        4
 Olgreb's Toxic Radiance  Pois           0%         N/A       100%        4
 Petrify                  Tmut/Erth      0%         N/A       100%        4
 Sticky Flame             Conj/Fire      0%         2d3       100%        4
 Summon Ice Beast         Ice/Summ       0%         N/A       100%        4
 Summon Lightning Spire   Summ/Air       0%         N/A       100%        4
 Agony                    Necr           0%         N/A       100%        5
 Arcjolt                  Conj/Air       0%         1d10      100%        5
 Borgnjor's Vile Clutch   Necr/Erth      0%         N/A       100%        5
 Fireball                 Conj/Fire      0%         3d3       100%        5
 Freezing Cloud           Conj/Ice/Air   0%         6-21      100%        5
 Irradiate                Conj/Tmut      0%         3d11      100%        5
 Lee's Rapid Deconstruct  Erth           0%         3d4*      100%        5
 Metabolic Englaciation   Hex/Ice        0%         N/A       100%        5
 Silence                  Hex/Air        0%         N/A       100%        5
 Summon Forest            Summ/Tloc      0%         N/A       100%        5
 Summon Mana Viper        Hex/Summ       0%         N/A       100%        5
 Yara's Violent Unravell  Hex/Tmut       0%         3d3       100%        5
 Conjure Ball Lightning   Conj/Air       0%         3x3d6     100%        6
 Death Channel            Necr           0%         N/A       100%        6
 Dispersal                Tloc           0%         N/A       100%        6
 Eringya's Noxious Bog    Tmut/Pois      0%         4d6       100%        6
 Plasma Beam              Fire/Air       0%         2x1d10    100%        6
 Simulacrum               Ice/Necr       0%         N/A       100%        6
 Starburst                Conj/Fire      0%         6d3       100%        6
 Summon Cactus Giant      Summ           0%         N/A       100%        6
 Enfeeble                 Hex            0%         N/A       100%        7
 Haunt                    Necr/Summ      0%         N/A       100%        7
 Monstrous Menagerie      Summ           0%         N/A       100%        7
 Orb of Destruction       Conj           0%         9d5       100%        7
 Ozocubu's Refrigeration  Ice            0%         4d7       100%        7
 Spellforged Servitor     Conj/Summ      0%         N/A       100%        7
 Summon Hydra             Summ           0%         N/A       100%        7
 Discord                  Hex            0%         N/A       100%        8
 Disjunction              Tloc           0%         N/A       100%        8
 Ignition                 Fire           0%         3d3       100%        8
 Infestation              Necr           0%         N/A       100%        8
 Lehudib's Crystal Spear  Conj/Erth      0%         10d2      100%        8
 Chain Lightning          Conj/Air       0%         N/A       100%        9
 Death's Door             Necr           0%         N/A       100%        9
 Dragon's Call            Summ           0%         N/A       100%        9


Dungeon Overview and Level Annotations

Branches:
Dungeon (1/1)

Altars:
Ashenzari
Cheibriados
Dithmenos
Fedhas
Gozag
Hepliaklqana
Kikubaaqudgha
Makhleb
Nemelex Xobeh
Okawaru
Qazlal
Ru
Sif Muna
Trog
Uskayaw
Vehumet
Wu Jian
Xom
Yredelemnul
Jiyva
Lugonu


Innate Abilities, Weirdness & Mutations

You have hoof-like feet.
Your demonic aura sometimes causes spilled blood to erupt in flames.
Spells you cast may paralyse nearby enemies.
You punish those that try to bend your will. (Will+)
You have a tail ending in a sharp stinger.
Your touch may irresistibly damage your foes and sap their willpower.
You sometimes lose your temper in combat.
Armour fits poorly on your strangely shaped body.


Message History

Unknown command.
You start resting.
Unknown command.
You start resting.
Unknown command.
You start resting.
Unknown command.
You start resting.
Unknown command.
You start resting.
Unknown command.
You start resting.
Unknown command.
You start resting.
Unknown command.
You start resting.
Unknown command.
You start resting.
Unknown command.
You start resting.
Unknown command.
You start resting.
Unknown command.
You start resting.
HP restored.
Unknown command.
You start waiting.
Unknown command.
You start waiting.
A great orb of eyes comes into view.
Unknown command.
You cut the great orb of eyes into ribbons!!!
You drain the great orb of eyes!
The great orb of eyes is almost dead.
Visions of slaying the great orb of eyes flood into your mind.
You slice the great orb of eyes!!
You are no longer entranced.
You kill the great orb of eyes!
Qazlal accepts your kill.
You have escaped!

..[....)....▓..▓.......▓..▓...8©8
..[.........▓.▓▓▓.....▓▓▓.▓..).)=
.....)......▓..▓.......▓..▓..).).
............▓........≈≈.≈.▓......
............▓......©.≈....▓......
............▓▓▓▓▓▓▓▓▓▓▓▓▓▓▓......
▓.......▓...▓8888888888888▓......
.▓.....▓.▓..▓8.°.○[.))...8▓..▓...
▓...≈...▓...▓8°○@°[...©..8▓.▓....
....≈.≈.....▓8.°.).).....8▓....©.
..≈.©≈≈.....▓8888888888888▓▓▓▓▓▓▓
▓▓▓▓▓▓▓▓▓▓▓▓▓▓▓▓▓▓▓▓▓▓▓▓▓▓▓▓▓▓▓▓▓
~.~..8©8~...~~~~▓........8©8[....
~~)|≈[~~~|~|~[)~▓.=.):◎.)==..||)[
|)≈))):)~~)~)):~▓.)=)))=.).).|==.
~)):[)):)))[=†◎~▓.[.......)....(|
)~.†)~~...~)~..~▓.......|....)...


There were no monsters in sight!

Vanquished Creatures
  A seraph (D)
  An ancient lich (D)
  A caustic shrike (D)
  2 pandemonium lords (D)
  A profane servitor (D)
  6 pearl dragons (D)
  2 bone dragons (D)
  A doom hound (D)
  A Tzitzimitl (D)
  An Ice Fiend (D)
  10 Orb Guardians (D)
  A lich (D)
  A titan (D)
  2 tainted leviathans (D)
  5 ancient champions (D)
  9 acid blobs (D)
  An Executioner (D)
  3 krakens (D)
  6 shadow dragons (D)
  8 rockslimes (D)
  10 nagarajas (D)
  6 azure jellies (D)
  9 daevas (D)
  A fire giant (D)
  A quicksilver elemental (D)
  3 ghost moths (D)
  6 ghouls (D)
  2 balrugs (D)
  3 angels (D)
  A demonspawn blood saint (D)
  4 quicksilver oozes (D)
  A broodmother (D)
  6 ophanim (D)
  A reaper (D)
  4 spriggan defenders (D)
  3 war gargoyles (D)
  3 very ugly things (D)
  5 apis (D)
  A demonspawn black sun (D)
  3 putrid mouths (D)
  A wendigo (D)
  5 entropy weavers (D)
  4 merfolk javelineers (D)
  8 merfolk impalers (D)
  2 spriggan air magi (D)
  A merfolk avatar (D)
  A rakshasa (D)
  6 great orbs of eyes (D)
  A hell beast (D)
  A jorogumo (D)
  A radroach (D)
  12 anacondas (D)
  A satyr (D)
  A boulder beetle (D)
  6 naga warriors (D)
  An alligator snapping turtle (D)
  4 merfolk aquamancers (D)
  5 two-headed ogres (D)
  5 demonic crawlers (D)
  A thrashing horror (D)
  A shock serpent (shapeshifter) (D)
  3 spriggan berserkers (D)
  5 sun demons (D)
  A skyshark (D)
  9 soul eaters (D)
  5 pharaoh ants (D)
  A sixfirhy (D)
  2 sun moths (D)
  A death drake (shapeshifter) (D)
  5 sea snakes (D)
  5 cherubim (D)
  2 shadow demons (D)
  An orb spider (shapeshifter) (D)
  6 orb spiders (D)
  2 swamp dragons (shapeshifter) (D)
  A spriggan druid (D)
  A sea snake (shapeshifter) (D)
  2 steelbarb worms (D)
  A phantasmal warrior (D)
  2 harpies (D)
  3 large abominations (D)
  A mana viper (shapeshifter) (D)
  5 shining eyes (D)
  4 manticores (D)
  6 wolf spiders (D)
  2 cyclopes (shapeshifter) (D)
  A faun (shapeshifter) (D)
  A shining eye (shapeshifter) (D)
  2 ugly things (D)
  3 merfolk sirens (D)
  2 cyclopes (D)
  12 guardian serpents (D)
  2 toenail golems (D)
  A black mamba (shapeshifter) (D)
  6 black mambas (D)
  A water nymph (shapeshifter) (D)
  2 elephants (D)
  5 naga magi (D)
  3 rust devils (D)
  7 moths of wrath (D)
  A guardian serpent (shapeshifter) (D)
  A torpor snail (shapeshifter) (D)
  2 smoke demons (D)
  An orange demon (D)
  5 eyes of devastation (D)
  7 torpor snails (D)
  A water nymph (D)
  6 cane toads (D)
  A yaktaur (shapeshifter) (D)
  A freezing wraith (D)
  6 tormentors (D)
  7 merfolk (D)
  A meliai (D)
  5 trolls (D)
  A wind drake (D)
  A hellwing (D)
  A blink frog (shapeshifter) (D)
  4 hornets (D)
  4 tarantellas (D)
  2 blink frogs (D)
  3 snapping turtles (D)
  2 jumping spiders (D)
  A culicivora (D)
  A slime creature (shapeshifter) (D)
  26 slime creatures (D)
  A jumping spider (shapeshifter) (D)
  2 yaks (D)
  A golden eye (shapeshifter) (D)
  6 golden eyes (D)
  5 redbacks (D)
  5 neqoxecs (D)
  A chaos spawn (D)
  8 nagas (D)
  A swamp worm (shapeshifter) (D)
  A hell hound (D)
  11 water moccasins (D)
  A floating eye (D)
  2 orc warriors (D)
  An ogre (shapeshifter) (D)
  A wolf (D)
  2 ogres (D)
  3 small abominations (D)
  2 phantoms (D)
  A bullfrog (D)
  A crimson imp (D)
  2 quasits (D)
  3 orc priests (D)
  10 jellies (D)
  An iron imp (D)
  An iguana (D)
  5 orc wizards (D)
  6 adders (D)
  A river rat (D)
  4 shadow imps (D)
  A white imp (D)
  4 ufetubi (D)
  A spectral adder (D)
  An adder zombie (D)
  9 adder skeletons (D)
  4 adder simulacra (D)
  An orc (D)
  9 ball pythons (D)
  3 bat skeletons (D)
  5 bat zombies (D)
  3 endoplasms (D)
  2 ball python simulacra (D)
  9 ball python zombies (D)
  2 giant cockroach simulacra (D)
  A giant cockroach zombie (D)
  A quokka simulacrum (D)
  2 quokka skeletons (D)
  2 quokka zombies (D)
  A spectral ball python (D)
  2 tentacles (D)
571 creatures vanquished.

Vanquished Creatures (collateral kills)
  A merfolk aquamancer (D)
  A naga warrior (D)
  A cane toad (D)
  A naga mage (D)
  A komodo dragon (D)
  A snapping turtle (D)
  A water moccasin (D)
  A wolf (D)
  A small abomination (D)
  A quasit (D)
  An orc priest (D)
  2 iron imps (D)
  An adder skeleton (D)
  A bat zombie (D)
  A ball python (D)
  A ball python skeleton (D)
  A ball python zombie (D)
18 creatures vanquished.

Vanquished Creatures (others)
  A sixfirhy (D)
  A hellion (D)
  2 large abominations (D)
  A hobgoblin (D)
  A frilled lizard (D)
  10 tentacles (D)
16 creatures vanquished.

Grand Total: 605 creatures vanquished

Notes
Turn   | Place    | Note
-------+----------+-------------------------------------------
     0 | D        | HallandMoats the Demonspawn Monk began the quest for the
                  | Orb.
     0 | D        | Reached XP level 1. HP: 18/18 MP: 1/1
    16 | D        | Found a blossoming altar of Fedhas.
    16 | D        | Found the +6 Majin-Bo {spellvamp, MP+6 Int+6}
    16 | D        | Found the +27 heavy crossbow "Sniper" {heavy, Acc+∞ SInv}
    16 | D        | Found the +10 dark maul {heavy}
    16 | D        | Found the +15 Maxwell's patent armour {-Cast -Tele rElec
                  | Will+ rCorr}
    16 | D        | Found the +18 shield of the Gong {Loud rN+ Will+ rCorr
                  | EV-5}
    16 | D        | Found the +16 obsidian axe {drain, demonic, Mesm Drain Fly
                  | SInv}
    16 | D        | Found the +7 great mace "Firestarter" {flame, immolate,
                  | rFlCloud rF++}
    16 | D        | Found the +6 shillelagh "Devastator" {shatter}
    16 | D        | Found the +11 plutonium sword {Contam Stlth-}
    16 | D        | Found the +8 lance "Wyrmbane" {slay drac, rPois rF+ rC+
                  | AC+3}
    16 | D        | Found the +9 sword of Zonguldrok {reap}
    16 | D        | Found the +13 scythe of Curses {drain, curses, Drain}
    16 | D        | Found the +9 sword of Power {lifebolt}
    16 | D        | Found the +7 mace of Variability {chaos, chaos arc}
    16 | D        | Found the +11 Singing Sword {sonic wave}
    16 | D        | Found the +8 storm bow {elec, penet}
    19 | D        | Found a shimmering blue altar of Sif Muna.
    19 | D        | Found a sacrificial altar of Ru.
    19 | D        | Found a bloodstained altar of Trog.
    19 | D        | Found a stormy altar of Qazlal.
    19 | D        | Found an iron altar of Okawaru.
    19 | D        | Found a sparkling altar of Nemelex Xobeh.
    21 | D        | Found a transporter.
    21 | D        | Found an ancient bone altar of Kikubaaqudgha.
    21 | D        | Found a viscous altar of Jiyva.
    21 | D        | Found a corrupted altar of Lugonu.
    21 | D        | Found a hazy altar of Hepliaklqana.
    21 | D        | Found a burning altar of Makhleb.
    21 | D        | Found an opulent altar of Gozag.
    58 | D        | Became a worshipper of Qazlal Stormbringer
    58 | D        | Reached * piety under Qazlal
    58 | D        | Reached ** piety under Qazlal
    66 | D        | Discovered your monstrous ancestry.
    66 | D        | Gained mutation: Your touch may inflict minor irresistible
                  | damage on your foes. [demonic ancestry]
    66 | D        | Reached XP level 2. HP: 24/24 MP: 1/7
   127 | D        | Entered arena 2.
   127 | D        | Found the +8 longbow "Zephyr" {speed, Dex+3 SInv}
   127 | D        | Found a transporter.
   129 | D        | Reached skill level 10 in Invocations
   129 | D        | Gained mutation: Your demonic aura sometimes causes spilled
                  | blood to erupt in flames. [demonic ancestry]
   129 | D        | Reached XP level 3. HP: 29/29 MP: 7/9
   132 | D        | Reached skill level 1 in Armour
   132 | D        | Reached skill level 1 in Shields
   153 | D        | Entered arena 3.
   153 | D        | Found a transporter.
   158 | D        | Reached *** piety under Qazlal
   159 | D        | Reached XP level 4. HP: 37/37 MP: 11/11
   272 | D        | Entered arena 4.
   272 | D        | Found a transporter.
   277 | D        | Gained mutation: Your touch may inflict irresistible damage
                  | on your foes. [demonic ancestry]
   277 | D        | Reached XP level 5. HP: 25/43 MP: 13/13
   277 | D        | Reached **** piety under Qazlal
   343 | D        | Entered arena 5.
   343 | D        | Found a transporter.
   348 | D        | Reached skill level 5 in Fighting
   349 | D        | Reached XP level 6. HP: 38/51 MP: 15/15
   349 | D        | Reached ***** piety under Qazlal
   354 | D        | Entered arena 6.
   354 | D        | Found a transporter.
   358 | D        | Noticed a rust devil
   359 | D        | Reached skill level 5 in Axes
   368 | D        | Got the Guidebook on Captivating Vicissitude
   373 | D        | Entered arena 7.
   374 | D        | Found a transporter.
   378 | D        | Reached ****** piety under Qazlal
   379 | D        | Reached skill level 5 in Dodging
   396 | D        | Entered arena 8.
   396 | D        | Noticed an orc warrior
   396 | D        | Noticed an orc warrior
   397 | D        | Found a transporter.
   400 | D        | Gained mutation: You have large cloven feet. [demonic
                  | ancestry]
   400 | D        | Reached XP level 7. HP: 24/58 MP: 16/16
   407 | D        | Reached skill level 5 in Armour
   407 | D        | Reached skill level 5 in Shields
   522 | D        | Entered arena 9.
   522 | D        | Found the +7 lajatang of Order {silver, rMut}
   522 | D        | Noticed a black mamba
   522 | D        | Noticed a naga mage
   523 | D        | Found a transporter.
   527 | D        | Killed a black mamba
   528 | D        | Reached XP level 8. HP: 67/67 MP: 19/19
   529 | D        | Killed a naga mage
   530 | D        | Reached skill level 15 in Invocations
   534 | D        | Got Umnocich's Elucidation of Resurrection
   542 | D        | Entered arena 10.
   543 | D        | Found a transporter.
   558 | D        | Got the ring "Lonomaan" {rF+ Str+3 SInv}
   564 | D        | Entered arena 11.
   564 | D        | Noticed a cane toad
   564 | D        | Noticed a komodo dragon
   565 | D        | Found a transporter.
   567 | D        | Killed a komodo dragon
   568 | D        | Gained mutation: You have hoof-like feet. [demonic
                  | ancestry]
   568 | D        | Reached XP level 9. HP: 74/74 MP: 19/21
   569 | D        | Killed a cane toad
   586 | D        | Entered arena 12.
   586 | D        | Noticed a war gargoyle
   586 | D        | Noticed a quicksilver elemental
   586 | D        | Noticed an ancient champion
   586 | D        | Noticed a war gargoyle
   586 | D        | Noticed an ancient champion
   586 | D        | Noticed an ancient champion
   586 | D        | Noticed an ancient champion
   587 | D        | Noticed a caustic shrike
   587 | D        | Killed a war gargoyle
   587 | D        | Killed a war gargoyle
   587 | D        | Identified the amulet of Ibreunn {Acrobat *Slow rElec MP+9
                  | Str+5}
   587 | D        | Noticed an ancient champion
   588 | D        | Gained mutation: You have a small tail. [demonic ancestry]
   588 | D        | Reached XP level 10. HP: 83/83 MP: 13/22
   588 | D        | Killed an ancient champion
   588 | D        | Killed an ancient champion
   588 | D        | Killed a war gargoyle
   588 | D        | Killed a caustic shrike
   588 | D        | Killed an ancient champion
   588 | D        | Killed an ancient champion
   588 | D        | Killed a quicksilver elemental
   588 | D        | Killed an ancient champion
   589 | D        | Reached skill level 10 in Armour
   589 | D        | Reached skill level 10 in Dodging
   589 | D        | Reached skill level 10 in Shields
   589 | D        | Gained mutation: You have a tail ending in a sharp stinger.
                  | [demonic ancestry]
   589 | D        | Reached XP level 11. HP: 95/95 MP: 5/25
   590 | D        | Found a transporter.
   604 | D        | Got Raaboif's Thoughts on Virulent Pyromania
   607 | D        | Got the +0 pair of gloves of the Bells {Dex+4}
   717 | D        | Entered arena 13.
   717 | D        | Noticed a rockslime
   717 | D        | Noticed an acid blob
   717 | D        | Noticed a great orb of eyes
   717 | D        | Noticed an azure jelly
   718 | D        | Noticed an acid blob
   719 | D        | Killed an acid blob
   719 | D        | Killed an acid blob
   719 | D        | Killed a great orb of eyes
   720 | D        | Gained mutation: Spells you cast may paralyse adjacent
                  | enemies. [demonic ancestry]
   720 | D        | Reached XP level 12. HP: 92/103 MP: 26/27
   720 | D        | Found a transporter.
   722 | D        | Killed a rockslime
   724 | D        | Killed an azure jelly
   739 | D        | Got Sif Muna's Codex of Unified Profane Liturgies
   744 | D        | Entered arena 14.
   744 | D        | Noticed a profane servitor
   745 | D        | Noticed a daeva
   747 | D        | Killed a daeva
   756 | D        | Killed a profane servitor
   758 | D        | Found a transporter.
   768 | D        | Got the Tome of Ill-starred Outbursts
   851 | D        | Entered arena 15.
   851 | D        | Noticed a titan
   852 | D        | Noticed a wendigo
   853 | D        | Killed a wendigo
   853 | D        | Killed a titan
   854 | D        | Found the +3 Elemental Staff {rElec rF+ rC+ AC+3}
   855 | D        | Found a transporter.
   873 | D        | Entered arena 16.
   873 | D        | Noticed an anaconda
   874 | D        | Noticed a red very ugly thing
   875 | D        | Noticed a bunyip
   875 | D        | an anaconda changed into a sea snake
   876 | D        | Killed a red very ugly thing
   877 | D        | Reached skill level 15 in Fighting
   877 | D        | Gained mutation: Spells you cast may paralyse nearby
                  | enemies. [demonic ancestry]
   877 | D        | Reached XP level 13. HP: 116/116 MP: 26/29
   877 | D        | Found a transporter.
   878 | D        | a bunyip changed into a satyr
   896 | D        | Got the ring "Roh Ycze" {Fly rC+ rN+}
   901 | D        | Entered arena 17.
   903 | D        | Noticed a fire giant
   907 | D        | Found a transporter.
   910 | D        | Killed a fire giant
   934 | D        | Entered arena 18.
   937 | D        | Noticed a nagaraja
   938 | D        | Noticed a nagaraja
   938 | D        | Killed a nagaraja
   938 | D        | Killed a nagaraja
   940 | D        | Found a transporter.
   954 | D        | Got the amulet "Jiaddeet" {RegenMP Will+ MP+9 Int+3 Dex+3}
   966 | D        | Entered arena 19.
   968 | D        | Noticed a purple very ugly thing
   968 | D        | Gained mutation: Armour fits poorly on your strangely
                  | shaped body. [a neqoxec]
   968 | D        | Gained mutation: You sometimes lose your temper in combat.
                  | [a neqoxec]
   969 | D        | Noticed a red very ugly thing
   969 | D        | Identified the +0 hand axe "Joitrita" {venom, +Blink Dex+4}
   970 | D        | Killed a purple very ugly thing
   970 | D        | Killed a red very ugly thing
   971 | D        | Reached skill level 27 in Invocations
   971 | D        | Reached XP level 14. HP: 131/131 MP: 26/31
   972 | D        | Found a transporter.
   982 | D        | Got the amulet "Tor Qixo" {Reflect Contam Will+++ Str-3
                  | Dex+4 SH+5}
  1009 | D        | Entered arena 20.
  1014 | D        | Noticed a broodmother
  1015 | D        | Killed a broodmother
  1016 | D        | Reached skill level 15 in Axes
  1016 | D        | Reached skill level 15 in Dodging
  1019 | D        | Found a transporter.
  1030 | D        | Got the +1 pair of boots of Jucriufosk {rN+ Will+ SInv}
  1101 | D        | Entered arena 21.
  1104 | D        | Noticed a spriggan defender
  1105 | D        | Noticed a spriggan defender
  1105 | D        | Noticed a spriggan defender
  1105 | D        | Noticed a spriggan defender
  1106 | D        | Killed a spriggan defender
  1106 | D        | Killed a spriggan defender
  1106 | D        | Killed a spriggan defender
  1106 | D        | Killed a spriggan defender
  1107 | D        | Reached skill level 15 in Armour
  1107 | D        | Reached skill level 15 in Shields
  1109 | D        | Found a transporter.
  1119 | D        | Reached skill level 1 in Shapeshifting
  1135 | D        | Got the -2 helmet of Caustic Intercession {Will+ Slay+2
                  | Stlth+}
  1154 | D        | Got the +10 crystal plate armour of Gozag's Hope {rCorr}
  1183 | D        | Entered arena 22.
  1185 | D        | Noticed a pearl dragon
  1185 | D        | Noticed an angel
  1186 | D        | Noticed a daeva
  1186 | D        | Noticed an apis
  1186 | D        | Noticed a pearl dragon
  1186 | D        | Noticed an ophan
  1187 | D        | Noticed an angel
  1187 | D        | Killed a pearl dragon
  1187 | D        | Killed an angel
  1187 | D        | Killed a daeva
  1187 | D        | Noticed an angel
  1187 | D        | Noticed a pearl dragon
  1187 | D        | Noticed a pearl dragon
  1187 | D        | Noticed an apis
  1188 | D        | Killed a pearl dragon
  1188 | D        | Killed an apis
  1188 | D        | Killed an ophan
  1188 | D        | Killed a pearl dragon
  1188 | D        | Killed a pearl dragon
  1188 | D        | Killed an angel
  1188 | D        | Killed an apis
  1188 | D        | Killed an ophan
  1188 | D        | Killed a daeva
  1188 | D        | Killed an angel
  1188 | D        | Killed a pearl dragon
  1188 | D        | Noticed an ophan
  1189 | D        | Gained mutation: You punish those that try to bend your
                  | will. (Will+) [demonic ancestry]
  1189 | D        | Reached XP level 15. HP: 123/143 MP: 15/32
  1189 | D        | Noticed a daeva
  1190 | D        | Killed a daeva
  1190 | D        | Killed a daeva
  1190 | D        | Killed a pearl dragon
  1190 | D        | Noticed a daeva
  1194 | D        | Reached skill level 5 in Shapeshifting
  1195 | D        | Found a transporter.
  1199 | D        | Killed a daeva
  1216 | D        | Got Sif Muna's Thoughts on Leadership
  1220 | D        | Got the +1 cloak of Huqussor {rCorr Int+2}
  1229 | D        | Got the ring of Ucuhec {Fire rElec rPois Int-5 SInv Stlth+}
  1332 | D        | Entered arena 23.
  1336 | D        | Noticed an azure jelly
  1337 | D        | Noticed an azure jelly
  1338 | D        | Noticed an acid blob
  1338 | D        | Noticed an azure jelly
  1338 | D        | Noticed a rockslime
  1338 | D        | Noticed an acid blob
  1338 | D        | Noticed a rockslime
  1338 | D        | Found the +4 moon troll leather armour {Spirit, Regen++
                  | MP+5}
  1338 | D        | Noticed an acid blob
  1339 | D        | Killed an acid blob
  1339 | D        | Killed an azure jelly
  1339 | D        | Killed an azure jelly
  1339 | D        | Killed a rockslime
  1339 | D        | Killed an acid blob
  1339 | D        | Noticed a rockslime
  1340 | D        | Noticed a rockslime
  1340 | D        | Found the +3 giant club "Skullcrusher" {speed, Str+7}
  1340 | D        | Found the +3 Mad Mage's Maulers {Infuse+∞ VampMP -Cast}
  1341 | D        | Killed a rockslime
  1341 | D        | Killed an azure jelly
  1341 | D        | Killed an acid blob
  1341 | D        | Killed a rockslime
  1341 | D        | Killed a rockslime
  1342 | D        | Reached XP level 16. HP: 139/155 MP: 16/33
  1343 | D        | Found a transporter.
  1448 | D        | Entered arena 24.
  1453 | D        | Noticed an acid blob
  1454 | D        | Noticed an acid blob
  1455 | D        | Killed an acid blob
  1455 | D        | Killed an acid blob
  1456 | D        | Noticed an acid blob
  1456 | D        | Found the +8 demon blade "Leech" {evervamp, Harm Drain rN+}
  1457 | D        | Killed an acid blob
  1457 | D        | Killed an acid blob
  1459 | D        | Found a transporter.
  1467 | D        | Got the Secrets of the Airy Retinue
  1486 | D        | Got the amulet of Wishful Thinking {RegenMP Dex+3}
  1508 | D        | Entered arena 25.
  1525 | D        | Found a transporter.
  1548 | D        | Got the +0 pair of gloves of the Gloaming {Harm rF+}
  1551 | D        | Got the +1 helmet "Xuzifu Ligaa" {rN+ SInv}
  1555 | D        | Got the ring of Curiosity {Fire rCorr Slay+2}
  1555 | D        | Got the Octavo of Blasts
  1566 | D        | Got the amulet "Onnec" {Reflect rC+ Will+ Int-2 SH+5}
  1582 | D        | Got Sif Muna's Elucidation of Freezing Changing
  1687 | D        | Entered arena 26.
  1697 | D        | Gained mutation: Your touch may irresistibly damage your
                  | foes and sap their willpower. [demonic ancestry]
  1697 | D        | Reached XP level 17. HP: 126/167 MP: 25/34
  1698 | D        | Noticed a kraken
  1699 | D        | Killed a kraken
  1700 | D        | Reached skill level 10 in Shapeshifting
  1700 | D        | Noticed a kraken
  1700 | D        | Identified the +10 war axe of the Vanishing Mystics {venom,
                  | rElec rPois rC+ Stlth-}
  1701 | D        | Noticed a kraken
  1701 | D        | Found a transporter.
  1708 | D        | Killed a kraken
  1711 | D        | Killed a kraken
  1884 | D        | Entered arena 27.
  1892 | D        | Noticed a doom hound
  1893 | D        | Killed a doom hound
  1895 | D        | Noticed a bone dragon
  1895 | D        | Noticed a tainted leviathan
  1896 | D        | Killed a tainted leviathan
  1896 | D        | Noticed an ancient lich
  1896 | D        | Noticed a bone dragon
  1897 | D        | Killed an ancient lich
  1899 | D        | Noticed a tainted leviathan
  1900 | D        | Killed a bone dragon
  1900 | D        | Killed a bone dragon
  1900 | D        | Killed a tainted leviathan
  1902 | D        | Found a transporter.
  1902 | D        | Found the +8 Vampire's Tooth {megavamp}
  2048 | D        | Got Siddoll's Notes on the Lithic Curse
  2063 | D        | Entered arena 28.
  2074 | D        | Reached XP level 18. HP: 173/181 MP: 26/35
  2074 | D        | Identified the +8 quarterstaff "Qaamyet" {antimagic, Str-4
                  | Int+2 Dex+5}
  2076 | D        | Reached skill level 27 in Fighting
  2082 | D        | Identified the +1 long sword of Mutilation {elec, Will+
                  | Str+3 Int+5}
  2082 | D        | Identified the +4 short sword of Grandeur {drain, rF+ Int-2
                  | Dex+3 Stlth+}
  2197 | D        | Found a transporter.
  2232 | D        | Got the Quarto of Damaging Stolen Souls
  2243 | D        | Got the amulet "Awaf" {Reflect Slay+6 SH+5}
  2264 | D        | Got the Textbook on the Cwm
  2286 | D        | Got the Orb of Zot
  2397 | D        | Noticed an Orb Guardian
  2402 | D        | Killed an Orb Guardian
  2663 | D        | Noticed an Orb Guardian
  2667 | D        | Killed an Orb Guardian
  2709 | D        | Noticed an Orb Guardian
  2718 | D        | Killed an Orb Guardian
  3078 | D        | Noticed Jykebb the pandemonium lord
  3078 | D        | Noticed a lich
  3087 | D        | Killed Jykebb the pandemonium lord
  3089 | D        | Killed a lich
  3631 | D        | Noticed an Orb Guardian
  3643 | D        | Killed an Orb Guardian
  4114 | D        | Noticed an Orb Guardian
  4127 | D        | Killed an Orb Guardian
  4638 | D        | Noticed Nera Usa the pandemonium lord
  4653 | D        | Killed Nera Usa the pandemonium lord
  5064 | D        | Noticed a Tzitzimitl
  5073 | D        | Killed a Tzitzimitl
  5140 | D        | Reached skill level 15 in Shapeshifting
  5469 | D        | Noticed an Orb Guardian
  5476 | D        | Killed an Orb Guardian
  5915 | D        | Noticed an Ice Fiend
  5920 | D        | Killed an Ice Fiend
  6291 | D        | Noticed an Orb Guardian
  6294 | D        | Killed an Orb Guardian
  6446 | D        | Noticed an Orb Guardian
  6453 | D        | Killed an Orb Guardian
  6623 | D        | Noticed an Orb Guardian
  6629 | D        | Killed an Orb Guardian
  7293 | D        | Noticed an Orb Guardian
  7300 | D        | Killed an Orb Guardian
  7407 | D        | Noticed a seraph
  7416 | D        | Killed a seraph
  7426 | D        | Reached XP level 19. HP: 50/189 MP: 28/36
  7717 | D        | Escaped with the Orb!

Illustrated notes

Levels and vault maps discovered:
D:        sprint_v [room_start, room_1, room_2, room_3, room_4, room_5, room_6,
          room_7, room_8, room_9, room_10, room_11, room_12, room_13, room_14,
          room_15, room_16, room_17, room_18, room_19, room_20, room_21,
          room_22, room_23, room_24, room_25, room_26, room_27]

Skill      XL: |  1  2  3  4  5  6  7  8  9 10 11 12 13 14 15 16 17 18 |
---------------+-------------------------------------------------------+-----
Invocations    | 9 10 11 12 13 14 16 17 21 22 24 27 | 27.0
Axes           | 3 4 5 6 7 8 11 13 14 18 20 22 24 26 | 26.8
Dodging        | 3 4 5 6 7 8 10 11 12 14 17 18 21 23 26 | 26.5
Armour         | 1 2 3 4 5 6 7 10 12 13 16 18 20 23 25 | 25.6
Shields        | 1 2 3 4 5 6 7 10 12 13 16 18 20 23 25 | 25.5
Fighting       | 4 5 6 7 8 9 11 12 15 18 20 22 24 26 27 | 27.0
Shapeshifting  | 4 6 9 12 17 | 17.4

Action                     |  1- 3 |  4- 6 |  7- 9 | 10-12 | 13-15 | 16-18 | 19-21 || total
---------------------------+-------+-------+-------+-------+-------+-------+-------++-------
  Melee: Broad axe         |     7 |    20 |    17 |    12 |    26 |   265 |     7 ||   354
         Kick              |       |       |     1 |       |       |       |       ||     1
         Tailslap          |       |       |       |     1 |     7 |    46 |       ||    54
 Invoke: Disaster Area     |       |       |     1 |     6 |    12 |    16 |       ||    35
Ability: Begin Untransform |       |       |       |       |       |     1 |       ||     1
  Evoke: Wand              |       |       |       |       |     1 |       |       ||     1
    Use: Potion            |     1 |       |       |       |       |    11 |       ||    12
         Scroll            |       |       |       |       |       |     4 |       ||     4
   Stab: Distracted        |       |     1 |       |       |       |     3 |       ||     4
         Invisible         |       |       |       |       |       |     2 |       ||     2
 Armour: Gold dragon scale |    13 |    12 |     3 |     4 |     2 |    30 |     1 ||    65
  Dodge: Dodged            |       |     1 |     1 |     1 |     1 |    18 |       ||    22
         Repelled          |       |       |       |       |       |     3 |       ||     3
  Block: Kite shield       |    16 |    33 |    26 |    32 |    57 |   262 |       ||   426
         Reflection        |       |       |       |       |     1 |     9 |       ||    10
   Form: Death             |       |       |       |       |       |     1 |       ||     1

Table legend: (Time is in decaauts)
 A = Elapsed time spent in this place.
 B = Non-inter-level travel time spent in this place.
 C = Inter-level travel time spent in this place.
 D = Time resting spent in this place.
 E = Time spent auto-exploring this place.
 F = Levels seen in this place.
 G = Mean time per level.
                   A        B        C        D        E       F      G
               +--------+--------+--------+--------+--------+-----+--------+
         Total |   7627 |   7627 |      0 |   5946 |      0 |   1 | 7627.0 |
       Dungeon |   7627 |   7627 |      0 |   5946 |      0 |   1 | 7627.0 |
               +--------+--------+--------+--------+--------+-----+--------+

Top non-repeatable levels by time:
       D: 7627 daAuts
